 Dungeon Crawl Stone Soup version 0.30-a0-304-gdc4b735fe1 (webtiles) character file.

Game seed: 13379778710650894893

866 Dnbvrw the Sneak (level 7, -1/32 HPs)
             Began as a Spriggan Enchanter on Oct 20, 2022.
             Slain by a troll (6 damage)
             ... on level 5 of the Dungeon.
             The game lasted 00:09:12 (3392 turns).

Dnbvrw the Sneak (Spriggan Enchanter)               Turns: 3392, Time: 00:09:13

Health: -1/32      AC:  2    Str:  6    XL:     7   Next: 72%
Magic:  17/18      EV: 18    Int: 14    God:
Gold:   233        SH:  0    Dex: 26    Spells: 12/20 levels left

rFire   . . .      SeeInvis +    h - +11 dagger of Wullet {drain, *Rage rC++ Int-2 Dex+10}
rCold   + + .      Faith    .    (no shield)
rNeg    + . .      Spirit   .    b - +0 robe
rPois   .          Reflect  .    (helmet restricted)
rElec   .          Harm     .    (no cloak)
rCorr   .          Rampage  .    (gloves unavailable)
Will    ++...      Rage     20%  (boots unavailable)
Stlth   ++++......               (no amulet)
HPRegen 0.25/turn                f - ring of willpower
MPRegen 0.16/turn                o - ring of positive energy

@: on berserk cooldown, slowed, quick
A: very small, no large weapons, unfitting armour, see invisible, speed 3
a: no special abilities


You were on level 5 of the Dungeon.
You visited 2 branches of the dungeon, and saw 6 of its levels.

You collected 233 gold pieces.

Inventory:

Hand Weapons
 a - a +1 dagger
 g - a +2 dagger of venom
 h - the +11 dagger of Wullet (weapon) {drain, *Rage rC++ Int-2 Dex+10}
   (You found it on level 2 of the Dungeon)

   A truly terrible weapon, it drains the life of any living foe it strikes.
   Int:       It affects your intelligence (-2).
   Dex:       It affects your dexterity (+10).
   rC:        It greatly protects you from cold.
   *Rage:     It berserks you when you make melee attacks (+20% chance).
Missiles
 m - a throwing net (quivered)
Armour
 b - a +0 robe (worn)
Jewellery
 f - a ring of willpower (left hand)
 o - a ring of positive energy (right hand)
Wands
 l - a wand of acid (6)
 p - a wand of flame (14)
Scrolls
 n - a scroll of enchant weapon
Potions
 c - 3 potions of invisibility
 d - 3 potions of ambrosia
 e - 2 potions of cancellation
 i - 2 potions of curing
 j - a potion of brilliance
 q - a potion of resistance
 r - a potion of flight


   Skills:
 - Level 1.1 Short Blades
 - Level 2.6 Dodging
 + Level 7.8 Stealth
 + Level 7.1 Spellcasting
 + Level 7.5 Hexes


You had 12 spell levels left.
You knew the following spells:

 Your Spells              Type           Power      Damage    Failure   Level
a - Ensorcelled Hibernat  Hex/Ice        30%        N/A       4%          2
b - Tukima's Dance        Hex            26%        N/A       1%          3
d - Confusing Touch       Hex            26%        N/A       1%          3

Your spell library contained the following spells:

 Spells                   Type           Power      Damage    Failure   Level
 Dazzling Flash           Conj/Hex       30%        N/A       9%          3
 Portal Projectile        Hex/Tloc       30%        N/A       9%          3
 Scorch                   Fire           8%         2d5       22%         2
 Silence                  Hex/Air        7%         N/A       63%         5
 Flame Wave               Conj/Fire      4%         2d5       80%         4
 Agony                    Necr           4%         N/A       98%         5
 Blade Hands              Tmut           2%         N/A       98%         5
 Summon Cactus Giant      Summ           2%         N/A       100%        6


Dungeon Overview and Level Annotations

Branches:
Dungeon (5/15)             Temple (1/1) D:4

Altars:
Elyvilon
Fedhas
Kikubaaqudgha
Makhleb
Nemelex Xobeh
Ru
Sif Muna
Trog
Wu Jian
Zin
The Shining One

Shops:
D:2 =   D:5 =

Annotations:
D:4 1 runed translucent door


Innate Abilities, Weirdness & Mutations

You are very small and have problems with some larger weapons.
You are too small for most types of armour.
You have supernaturally acute eyesight. (SInv)
You cover ground extremely quickly. (Speed+++)


Message History

You are too injured to fight recklessly!
You are too injured to fight recklessly!
You are too injured to fight recklessly!
You are too injured to fight recklessly!
You are too injured to fight recklessly!
You feel a strong urge to attack something.
You feel your anger nearly subside.
You are no longer berserk.
You are exhausted.
You feel yourself slow down.
An orc comes into view. It is wielding a +0 vorpal flail.
The orc shouts!
An ogre comes into view. It is wielding a +0 giant spiked club.
An orc wizard comes into view. It is wielding a +0 dagger.
Found Tyud Bul's Jewellery Shop. 2 orcs come into view.
The orc wizard shouts!
You hear a shout!
The orc shouts!
The ogre shouts!
A scorpion and an orc come into view.
Found a leather armour.
Found a scroll of teleportation.
The orc misses you. The orc misses you.
Casting: Tukima's Dance (safe; 1% risk of failure)
Confirm with . or Enter, or press ? or * to list all spells.
Aiming: Ensorcelled Hibernation (safe; 4% risk of failure)
Press: ? - help, Shift-Dir - straight line, f - orc
Aim: an orc, wielding a +2 falchion of draining and wearing a +0 chain mail (chance to affect: 66%)
The orc looks drowsy...
The orc barely misses you.
The helpless orc fails to defend itself.
You skewer the orc like a kebab!!!
You kill the orc!
The orc closely misses you.
Your life force feels restored.
Things that are here:
a +2 falchion of draining; a +0 chain mail
There is a stone staircase leading up here.
The troll bites you!
* * * LOW HITPOINT WARNING * * *
The troll misses you. The troll claws you.
You die...

.#. #..##..#...## ..
#[.##....... #.
#..##..#..#
#.###..##..#..###.#
#......##.........#
#####.......o..#..####..∩
.......O######.#..#
.........o.ooT....# #
.#####..######@...####.##
#..# ###....!.... #?.#
#.....##.#. #..# #.)...#
............)......$
.##.......#.....##.#. #
#########.....# # ###.###
#.#


You could see a troll, an ogre and 3 orcs.

Vanquished Creatures
  The ghost of flinch the Conjurer, a novice TeRe (D:4)
  Grinder (D:4)
  A necrophage (D:4)
  A jelly (D:4)
  A hound (D:4)
  An iguana (D:4)
  8 adders
  A river rat (D:4)
  A worm (D:2)
  2 dart slugs
  3 orcs (D:5)
  8 ball pythons
  5 endoplasms
  2 giant cockroaches
  9 goblins
  11 hobgoblins
  5 jackals
  2 quokkas (D:4)
  7 bats
  A frilled lizard (D:2)
  10 kobolds
  5 rats
86 creatures vanquished.

Vanquished Creatures (collateral kills)
  4 hobgoblins (D:4)
4 creatures vanquished.

Vanquished Creatures (others)
  A dancing weapon (D:4)
  3 jackals (D:3)
4 creatures vanquished.

Grand Total: 94 creatures vanquished

Notes
Turn   | Place    | Note
-------+----------+-------------------------------------------
     0 | D:1      | Dnbvrw the Spriggan Enchanter began the quest for the Orb.
     0 | D:1      | Reached XP level 1. HP: 9/9 MP: 5/5
   184 | D:1      | Reached XP level 2. HP: 6/13 MP: 7/7
   187 | D:1      | Learned a level 2 spell: Ensorcelled Hibernation
   764 | D:1      | Found a faded altar of an unknown god.
   887 | D:2      | Reached XP level 3. HP: 16/16 MP: 9/9
   891 | D:2      | Learned a level 3 spell: Tukima's Dance
   895 | D:2      | Learned a level 3 spell: Confusing Touch
   902 | D:2      | Found Nisiuboa's Jewellery Boutique.
   905 | D:2      | Identified the +11 dagger of Wullet {drain, *Rage rC++
                  | Int-2 Dex+10}
  1439 | D:2      | Reached XP level 4. HP: 21/21 MP: 11/11
  1646 | D:3      | Reached skill level 5 in Hexes
  2276 | D:4      | Found a staircase to the Ecumenical Temple.
  2280 | D:4      | Reached skill level 5 in Spellcasting
  2280 | D:4      | Reached XP level 5. HP: 24/24 MP: 9/13
  2292 | Temple   | Entered the Ecumenical Temple
  2607 | D:4      | Found a runed translucent door.
  2608 | D:4      | Noticed flinch's ghost (novice TeRe)
  2631 | D:4      | Killed flinch's ghost
  2632 | D:4      | Reached XP level 6. HP: 21/28 MP: 12/16
  2632 | D:4      | Reached XP level 7. HP: 24/32 MP: 12/17
  2688 | D:4      | Found a runed translucent door.
  2808 | D:4      | Noticed Grinder
  2820 | D:4      | Killed Grinder
  3353 | D:5      | Entered Level 5 of the Dungeon
  3354 | D:5      | Noticed a troll
  3370 | D:5      | Found Tyud Bul's Jewellery Shop.
  3392 | D:5      | Slain by a troll

Illustrated notes

Levels and vault maps discovered:
D:1:      mushboom_english_gardens, layout_loops_ring,
          shapermc_ecumenical_altar_mp_highgroup, minmay_misc_feat_x
D:2:      layout_basic, serial_shops, nicolae_shop_advertising_works
          [nicolae_subvault_shop_adworks]
D:3:      layout_rooms, lemuel_flame_loot_1
D:4:      layout_basic, minmay_temple_entry_drinking_statues,
          ebering_ghost_sewer_f, sigmund_army, uniq_grinder
D:5:      layout_loops_ring, mainiacjoe_overflow_boulevard,
          mainiacjoe_overflow_cross_hatched, minmay_shop_enchanted_jewellery,
          uniq_blork_the_orc, uniq_pikel
Temple:   nicolae_temple_bog_church

Skill      XL: |  1  2  3  4  5  6  7 |
---------------+----------------------+-----
Spellcasting   | 3 4 5 6 7 |  7.1
Hexes          | 4 5 6 7 |  7.5
Stealth        | 6 7 |  7.8
Short Blades   | |  1.1
Dodging        | |  2.6

Action                   |  1- 3 |  4- 6 |  7- 9 || total
-------------------------+-------+-------+-------++-------
Melee: Dagger            |   117 |    41 |    34 ||   192
       Punch             |     1 |       |       ||     1
 Cast: Ensorcelled Hiber |       |     1 |     1 ||     2
       Confusing Touch   |       |     1 |     1 ||     2
       Tukima's Dance    |       |       |     6 ||     6
  Use: Scroll            |     8 |     4 |     2 ||    14
 Stab: Sleeping          |    14 |     7 |     6 ||    27
       Distracted        |     2 |       |       ||     2
       Confused          |       |     1 |       ||     1
Armor: Robe              |    10 |     2 |     2 ||    14
Dodge: Dodged            |    80 |    16 |    34 ||   130

Table legend: (Time is in decaauts)
 A = Elapsed time spent in this place.
 B = Non-inter-level travel time spent in this place.
 C = Inter-level travel time spent in this place.
 D = Time resting spent in this place.
 E = Time spent auto-exploring this place.
 F = Levels seen in this place.
 G = Mean time per level.
                   A        B        C        D        E       F      G
               +--------+--------+--------+--------+--------+-----+--------+
         Total |   2434 |   2379 |     55 |     53 |   1708 |   6 |  405.7 |
       Dungeon |   2294 |   2244 |     50 |     53 |   1579 |   5 |  458.8 |
        Temple |    139 |    135 |      4 |      0 |    128 |   1 |  139.0 |
               +--------+--------+--------+--------+--------+-----+--------+

Top non-repeatable levels by time:
     D:4: 730 daAuts
     D:1: 607 daAuts
     D:2: 499 daAuts
     D:3: 425 daAuts
  Temple: 139 daAuts
     D:5: 31 daAuts
